 Dungeon Crawl Stone Soup version 0.14.1-9-g552248a (webtiles) character file.

484 BoredOne the Firebug (level 6, -13/36 HPs)
             Began as an Octopode Fire Elementalist on May 27, 2014.
             Mangled by a troll (17 damage)
             ... on Level 4 of the Dungeon.
             The game lasted 00:14:38 (5357 turns).

BoredOne the Firebug (Octopode Fire Elementalist)   Turns: 5357, Time: 00:14:38

HP -13/36        AC  6     Str  7      XL: 6   Next: 46%
MP  14/14        EV 12     Int 20      God:
Gold 164         SH  0     Dex 12      Spells:  3 memorised,  6 levels left

rFire  + . .     SeeInvis .     u - +1 flail (protect)
rCold  x . .     Clarity  +     (no shield)
rNeg   . . .     Conserve .     (helmet restricted)
rPois  .         rCorr    .     p - amulet of clarity
rElec  .         rRot     .     q - ring of fire
SustAb . .       Spirit   .     (no ring)
rMut   .         Warding  .     (no ring)
Saprov . . .     Stasis   .     (no ring)
MR     .....                    (no ring)
                                (no ring)
                                (no ring)
                                (no ring)

@: not resistant to hostile enchantments, quite stealthy
A: almost no armour, amphibious, 8 rings, constrict 8, camouflage 1, gelatinous
body 1
a: no special abilities


You were on level 4 of the Dungeon.
You were not hungry.

You visited 1 branch of the dungeon, and saw 4 of its levels.

You collected 164 gold pieces.

Inventory:

Hand weapons
 k - a +0,+0 cutlass
 u - a +1,+1 flail of protection (weapon)
Missiles
 d - 6 steel tomahawks (quivered)
 m - 3 throwing nets
Comestibles
 c - 4 bread rations
 h - an apple
 o - a sausage
 r - 3 rotting chunks of ogre flesh {@w1}
 w - a rambutan
Scrolls
 f - 2 scrolls of immolation
Jewellery
 p - an amulet of clarity (around mantle)
 q - a ring of fire (left tentacle)
 x - an uncursed amulet of inaccuracy
Potions
 a - a potion of cure mutation {unknown}
 e - a potion of agility {unknown}
 g - a potion of poison {unknown}
 i - a potion of heal wounds {unknown}
 j - 2 potions of paralysis {unknown}
 l - 2 potions of mutation {unknown}
 n - 2 potions of curing
 s - 3 potions of haste {unknown}
 t - a potion of resistance {unknown}
Books
 b - a book of Flames

   Spells                             Type                      Level
   *Flame Tongue                      Conjuration/Fire             1
   *Throw Flame                       Conjuration/Fire             2
   *Conjure Flame                     Conjuration/Fire             3
   Inner Flame                        Hexes/Fire                   3
   Sticky Flame                       Conjuration/Fire             4
   Fireball                           Conjuration/Fire             5


   Skills:
 - Level 2.0 Dodging
 - Level 2.6 Stealth
 + Level 3.8 Spellcasting
 + Level 3.5 Conjurations
 + Level 4.7 Fire Magic


You had 6 spell levels left.
You knew the following spells:

 Your Spells              Type           Power        Failure   Level  Hunger
a - Flame Tongue          Conj/Fire      ####.        2%          1    None
b - Throw Flame           Conj/Fire      ####..       3%          2    #......
c - Conjure Flame         Conj/Fire      ####....     10%         3    ###....


Dungeon Overview and Level Annotations

Branches:
Dungeon (4/15)
 Temple: D:4-7

Altars:
Ashenzari


Innate Abilities, Weirdness & Mutations

You cannot wear most types of armour.
You are amphibious.
You can wear up to eight rings at the same time.
You can use your tentacles to constrict many enemies at once.
Your skin changes colour to match your surroundings (Stlth).
Your rubbery body absorbs attacks (AC +1).


Message History

Read which item? (? for menu, Esc to quit)
Okay, then.
Drink which item? (? for menu, Esc to quit)
You feel better.
It was a potion of curing.
The troll bites you!
* * * LOW HITPOINT WARNING * * *
The troll claws you but does no damage. The troll claws you.
* * * LOW HITPOINT WARNING * * *
Unknown command.
You see here a kobold corpse.
Read which item? (? for menu, Esc to quit)
As you read the scroll labeled FULAGUCK UMOASH, it crumbles to dust.
Forget which spell ([?*] list [ESC] exit)?
Forget which spell ([?*] list [ESC] exit)?
Okay, then.
It was a scroll of amnesia.
The troll misses you. The troll claws you.
* * * LOW HITPOINT WARNING * * *
The troll claws you.
* * * LOW HITPOINT WARNING * * *
The troll bites you!
You die...

#... ##..............#...
...##...................
##.#.#..#....#...........
#...........##...........
#...........#............
#.....<.................
#.........<.............
##########......................
##.#.##...##.#..@................
#............##.T................
#..#..........###%...............
.......##.#....#........#........
......#####.#.##......#..........
#.##.## ##...##...#..............
....#####...##...#.#.............
.....#.#.........................
<)..........##...................


You could see a troll.

Vanquished Creatures
  2 ogres
  2 adders (D:3)
  4 gnolls (D:3)
  6 giant geckos
  An ooze (D:1)
  6 orcs (D:3)
  2 ball pythons (D:1)
  8 bats
  4 giant cockroaches
  9 goblins
  6 hobgoblins
  7 jackals
  8 giant newts
  14 kobolds
  5 quokkas
  6 rats
90 creatures vanquished.

Notes
Turn   | Place    | Note
--------------------------------------------------------------
     0 | D:1      | BoredOne, the Octopode Fire Elementalist, began the quest for the Orb.
     0 | D:1      | Reached XP level 1. HP: 11/11 MP: 3/3
   569 | D:1      | Reached XP level 2. HP: 9/17 MP: 0/4
   715 | D:1      | Learned a level 2 spell: Throw Flame
  1633 | D:1      | Reached XP level 3. HP: 18/21 MP: 1/6
  1961 | D:2      | Learned a level 3 spell: Conjure Flame
  1989 | D:2      | Reached skill level 2 in Conjurations
  2853 | D:2      | Reached XP level 4. HP: 27/27 MP: 4/8
  3763 | D:3      | Reached skill level 4 in Fire Magic
  3767 | D:3      | Reached skill level 3 in Spellcasting
  4093 | D:3      | Reached XP level 5. HP: 22/31 MP: 2/11
  4386 | D:3      | Noticed an ogre
  4405 | D:3      | Killed an ogre
  4405 | D:3      | Reached skill level 3 in Conjurations
  4405 | D:3      | Reached XP level 6. HP: 27/36 MP: 2/13
  4930 | D:4      | Found a shattered altar of Ashenzari.
  5324 | D:4      | Noticed a troll
  5331 | D:4      | HP: 6/36 [troll (3)]
  5355 | D:4      | HP: 6/36 [troll (3)]
  5357 | D:4      | Mangled by a troll

Action                   |  1- 3 |  4- 6 || total
-------------------------+-------+-------++-------
Melee: Unarmed           |    75 |    10 ||    85
       Cutlass           |       |    23 ||    23
       Flail             |       |    22 ||    22
Throw: Tomahawk          |     5 |     1 ||     6
 Cast: Flame Tongue      |    46 |    39 ||    85
       Throw Flame       |       |    12 ||    12
       Conjure Flame     |       |     2 ||     2
  Use: Scroll            |     5 |     6 ||    11
       Potion            |       |     1 ||     1
 Stab: Sleeping          |     6 |     3 ||     9
Dungeon Crawl Stone Soup version 0.14.1-9-g552248a (webtiles) character file. 484 BoredOne the Firebug (level 6, -13/36 HPs) Began as an Octopode Fire Elementalist on May 27, 2014. Mangled by a troll (17 damage) ... on Level 4 of the Dungeon. The game lasted 00:14:38 (5357 turns). BoredOne the Firebug (Octopode Fire Elementalist) Turns: 5357, Time: 00:14:38 HP -13/36 AC 6 Str 7 XL: 6 Next: 46% MP 14/14 EV 12 Int 20 God: Gold 164 SH 0 Dex 12 Spells: 3 memorised, 6 levels left rFire + . . SeeInvis . u - +1 flail (protect) rCold x . . Clarity + (no shield) rNeg . . . Conserve . (helmet restricted) rPois . rCorr . p - amulet of clarity rElec . rRot . q - ring of fire SustAb . . Spirit . (no ring) rMut . Warding . (no ring) Saprov . . . Stasis . (no ring) MR ..... (no ring) (no ring) (no ring) (no ring) @: not resistant to hostile enchantments, quite stealthy A: almost no armour, amphibious, 8 rings, constrict 8, camouflage 1, gelatinous body 1 a: no special abilities You were on level 4 of the Dungeon. You were not hungry. You visited 1 branch of the dungeon, and saw 4 of its levels. You collected 164 gold pieces. Dungeon Overview and Level Annotations Branches: Dungeon (4/15) Temple: D:4-7 Altars: Ashenzari Innate Abilities, Weirdness & Mutations You cannot wear most types of armour. You are amphibious. You can wear up to eight rings at the same time. You can use your tentacles to constrict many enemies at once. Your skin changes colour to match your surroundings (Stlth). Your rubbery body absorbs attacks (AC +1). Skills: - Level 2.0 Dodging - Level 2.6 Stealth + Level 3.8 Spellcasting + Level 3.5 Conjurations + Level 4.7 Fire Magic You had 6 spell levels left. You knew the following spells: Your Spells Type Power Failure Level Hunger a - Flame Tongue Conj/Fire ####. 2% 1 None b - Throw Flame Conj/Fire ####.. 3% 2 #...... c - Conjure Flame Conj/Fire ####.... 10% 3 ###.... Inventory: Hand weapons k - a +0,+0 cutlass u - a +1,+1 flail of protection (weapon) Missiles d - 6 steel tomahawks (quivered) m - 3 throwing nets Comestibles c - 4 bread rations h - an apple o - a sausage r - 3 rotting chunks of ogre flesh {@w1} w - a rambutan Scrolls f - 2 scrolls of immolation Jewellery p - an amulet of clarity (around mantle) q - a ring of fire (left tentacle) x - an uncursed amulet of inaccuracy Potions a - a potion of cure mutation {unknown} e - a potion of agility {unknown} g - a potion of poison {unknown} i - a potion of heal wounds {unknown} j - 2 potions of paralysis {unknown} l - 2 potions of mutation {unknown} n - 2 potions of curing s - 3 potions of haste {unknown} t - a potion of resistance {unknown} Books b - a book of Flames Spells Type Level *Flame Tongue Conjuration/Fire 1 *Throw Flame Conjuration/Fire 2 *Conjure Flame Conjuration/Fire 3 Inner Flame Hexes/Fire 3 Sticky Flame Conjuration/Fire 4 Fireball Conjuration/Fire 5 Message History Read which item? (? for menu, Esc to quit) Okay, then. Drink which item? (? for menu, Esc to quit) You feel better. It was a potion of curing. The troll bites you! * * * LOW HITPOINT WARNING * * * The troll claws you but does no damage. The troll claws you. * * * LOW HITPOINT WARNING * * * Unknown command. You see here a kobold corpse. Read which item? (? for menu, Esc to quit) As you read the scroll labeled FULAGUCK UMOASH, it crumbles to dust. Forget which spell ([?*] list [ESC] exit)? Forget which spell ([?*] list [ESC] exit)? Okay, then. It was a scroll of amnesia. The troll misses you. The troll claws you. * * * LOW HITPOINT WARNING * * * The troll claws you. * * * LOW HITPOINT WARNING * * * The troll bites you! You die... #... ##..............#... ...##................... ##.#.#..#....#........... #...........##........... #...........#............ #.....<................. #.........<............. ##########...................... ##.#.##...##.#..@................ #............##.T................ #..#..........###%............... .......##.#....#........#........ ......#####.#.##......#.......... #.##.## ##...##...#.............. ....#####...##...#.#............. .....#.#......................... <)..........##................... You could see a troll.

Action                   |  1- 3 |  4- 6 || total
-------------------------+-------+-------++-------
Melee: Unarmed           |    75 |    10 ||    85
       Cutlass           |       |    23 ||    23
       Flail             |       |    22 ||    22
Throw: Tomahawk          |     5 |     1 ||     6
 Cast: Flame Tongue      |    46 |    39 ||    85
       Throw Flame       |       |    12 ||    12
       Conjure Flame     |       |     2 ||     2
  Use: Scroll            |     5 |     6 ||    11
       Potion            |       |     1 ||     1
 Stab: Sleeping          |     6 |     3 ||     9

Vanquished Creatures
  2 ogres
  2 adders (D:3)
  4 gnolls (D:3)
  6 giant geckos
  An ooze (D:1)
  6 orcs (D:3)
  2 ball pythons (D:1)
  8 bats
  4 giant cockroaches
  9 goblins
  6 hobgoblins
  7 jackals
  8 giant newts
  14 kobolds
  5 quokkas
  6 rats
90 creatures vanquished. Notes Turn | Place | Note -------------------------------------------------------------- 0 | D:1 | BoredOne, the Octopode Fire Elementalist, began the quest for the Orb. 0 | D:1 | Reached XP level 1. HP: 11/11 MP: 3/3 569 | D:1 | Reached XP level 2. HP: 9/17 MP: 0/4 715 | D:1 | Learned a level 2 spell: Throw Flame 1633 | D:1 | Reached XP level 3. HP: 18/21 MP: 1/6 1961 | D:2 | Learned a level 3 spell: Conjure Flame 1989 | D:2 | Reached skill level 2 in Conjurations 2853 | D:2 | Reached XP level 4. HP: 27/27 MP: 4/8 3763 | D:3 | Reached skill level 4 in Fire Magic 3767 | D:3 | Reached skill level 3 in Spellcasting 4093 | D:3 | Reached XP level 5. HP: 22/31 MP: 2/11 4386 | D:3 | Noticed an ogre 4405 | D:3 | Killed an ogre 4405 | D:3 | Reached skill level 3 in Conjurations 4405 | D:3 | Reached XP level 6. HP: 27/36 MP: 2/13 4930 | D:4 | Found a shattered altar of Ashenzari. 5324 | D:4 | Noticed a troll 5331 | D:4 | HP: 6/36 [troll (3)] 5355 | D:4 | HP: 6/36 [troll (3)] 5357 | D:4 | Mangled by a troll

Vault maps used:
D:1:      mrwooster_arrival_statue_3
D:4:      lemuel_crystal_altar, first_bread
